 Dungeon Crawl Stone Soup version 0.20.1-1-g8b1a95d (webtiles) character file.

2440 vineage the Cleaver (level 9, 0/112 HPs)
             Began as a Minotaur Fighter on July 27, 2017.
             Succumbed to an orc's poison
             ... on level 7 of the Dungeon.
             The game lasted 00:13:32 (5338 turns).

vineage the Cleaver (Minotaur Fighter)              Turns: 5338, Time: 00:13:33

Health: 0/112      AC: 24    Str: 29    XL:     9   Next: 25%
Magic:  8/8        EV:  2    Int:  5    God:
Gold:   240        SH:  0    Dex: 10    Spells: 8/8 levels left

rFire    + . .     SeeInvis .   o - +5 great sword
rCold    + . .     Gourm    .   (shield currently unavailable)
rNeg     + + +     Faith    .   (armour currently unavailable)
rPois    +         Spirit   .   (helmet currently unavailable)
rElec    +         Reflect  .   (cloak currently unavailable)
rCorr    +         Harm     .   (gloves currently unavailable)
MR       +....     NoTele   +   (boots currently unavailable)
Stlth    +.........             (no amulet)
Regen    0.3/turn               e - ring of protection from magic
MPRegen  0.2/turn               (no ring)

@: mighty, lethally poisoned (0 -> -1), tree-form (expiring), resistant
A: (retaliatory headbutt)
a: no special abilities


You were on level 7 of the Dungeon.
You were full.
You were a tree.
You visited 1 branch of the dungeon, and saw 7 of its levels.

You collected 240 gold pieces.

Inventory:

Hand Weapons
 a - a +0 war axe
 o - a +5 great sword (weapon)
 x - a +0 trident of venom
Armour
 b - a +0 scale mail
 c - a +0 shield
 g - a +0 chain mail
 l - a +1 plate armour (melded)
Jewellery
 e - a ring of protection from magic (left branch)
Wands
 y - a wand of random effects (27/48)
Scrolls
 d - a scroll of fog
 j - 2 scrolls of remove curse
 s - 3 scrolls of enchant armour
 t - a scroll of magic mapping
 u - 2 scrolls of recharging
Potions
 i - 2 potions of ambrosia
 m - a potion of haste
 p - a potion of brilliance
 r - 2 potions of lignification
Comestibles
 f - 3 fruits
 h - 3 royal jellies
 n - a meat ration


   Skills:
 + Level 6.0 Fighting
 + Level 4.4 Long Blades
 + Level 9.5 Axes
 + Level 8.0 Armour
 + Level 0.9 Dodging
 + Level 0.8 Stealth
 + Level 7.1 Shields


You had 8 spell levels left.
You didn't know any spells.

Dungeon Overview and Level Annotations

Branches:
Dungeon (7/15)             Temple (0/1) D:5

Altars:
Ashenzari


Innate Abilities, Weirdness & Mutations

((You reflexively headbutt those who attack you in melee.))
((You have a pair of horns on your head.))


Message History

You cannot move.
* * * LOW HITPOINT WARNING * * *
You feel sick.
Unknown command.
You cannot move.
* * * LOW HITPOINT WARNING * * *
You feel sick.
Your transformation is almost over.
You cannot move.
There is a lethal amount of poison in your body!
There is a lethal amount of poison in your body!
* * * LOW HITPOINT WARNING * * *
You feel sick.
You are stuck in your current form!
As you read the scroll labeled SYUTAATOIN, it crumbles to dust.
It is a scroll of enchant weapon.
Your +4 great sword glows red for a moment.
As you read the scroll of identify, it crumbles to dust.
y - a wand of random effects (27/48)
You die...

######### #.......##
#.........
################.........
####>...........♣).†...?....
............######.(........
...)..(.....######(..##)....
.....................# ...
.....................+ .
.....................#
.........##..........#
.........##..........#
.........##......(...#


There were no monsters in sight!

Vanquished Creatures
  Grinder (D:4)
  A hippogriff (D:7)
  Sigmund (D:5)
  Eustachio (D:4)
  2 orc warriors
  A hornet zombie (D:7)
  A sky beast (D:5)
  A black bear (D:3)
  An ice beast (D:7)
  The ghost of vineage the Skirmisher, an amateur DsBe of Trog (D:3)
  A centaur (D:7)
  A scorpion (D:4)
  7 wights
  A crimson imp (D:5)
  A centaur zombie (D:5)
  A quasit (D:5)
  A hound (D:4)
  A bullfrog skeleton (D:6)
  4 orc priests
  3 orc wizards
  An iguana (D:6)
  4 worker ants
  A killer bee zombie (D:5)
  A hound skeleton (D:4)
  2 worker ant zombies (D:5)
  5 adders
  2 oozes
  2 adder skeletons
  3 worms
  A dart slug (D:1)
  5 leopard geckos
  21 orcs
  4 giant cockroaches
  8 goblins
  10 hobgoblins
  7 jackals
  3 quokkas
  2 ball pythons
  2 bats
  A frilled lizard (D:5)
  5 kobolds
  8 rats
130 creatures vanquished.

Notes
Turn   | Place    | Note
-------+----------+-------------------------------------------
     0 | D:1      | vineage the Minotaur Fighter began the quest for the Orb.
     0 | D:1      | Reached XP level 1. HP: 19/19 MP: 0/0
   188 | D:1      | Reached XP level 2. HP: 17/27 MP: 1/1
   311 | D:1      | Reached skill level 3 in Axes
   643 | D:1      | Reached XP level 3. HP: 33/33 MP: 2/2
  1382 | D:2      | Reached XP level 4. HP: 39/40 MP: 3/3
  1615 | D:3      | Reached skill level 4 in Axes
  1623 | D:3      | Reached XP level 5. HP: 31/46 MP: 4/4
  1668 | D:3      | Noticed vineage's ghost (amateur DsBe)
  1701 | D:3      | Killed vineage's ghost
  1701 | D:3      | Reached skill level 5 in Axes
  1701 | D:3      | Reached skill level 5 in Armour
  2033 | D:3      | Found a shattered altar of Ashenzari.
  2040 | D:3      | Noticed a black bear
  2048 | D:3      | Killed a black bear
  2048 | D:3      | Reached XP level 6. HP: 53/53 MP: 5/5
  2467 | D:4      | Noticed Grinder
  2473 | D:4      | Killed Grinder
  2473 | D:4      | Reached skill level 6 in Axes
  2473 | D:4      | Reached skill level 5 in Shields
  2473 | D:4      | Reached XP level 7. HP: 53/60 MP: 6/6
  3072 | D:4      | Noticed Eustachio
  3102 | D:4      | Killed Eustachio
  3102 | D:4      | Reached skill level 7 in Axes
  3350 | D:5      | Entered Level 5 of the Dungeon
  3421 | D:5      | Found a staircase to the Ecumenical Temple.
  3528 | D:5      | Reached skill level 8 in Axes
  3574 | D:5      | Reached XP level 8. HP: 22/67 MP: 7/7
  3590 | D:5      | HP: 3/67 [wight/trident (3)]
  4020 | D:5      | Noticed Sigmund
  4027 | D:5      | Killed Sigmund
  4027 | D:5      | Reached skill level 5 in Fighting
  4231 | D:5      | Reached skill level 9 in Axes
  4932 | D:7      | Noticed a hippogriff
  4940 | D:7      | Reached skill level 1 in Long Blades
  4943 | D:7      | Killed a hippogriff
  4943 | D:7      | Reached XP level 9. HP: 12/75 MP: 8/8
  5327 | D:7      | HP: 5/112 [poisoned by an orc]
  5331 | D:7      | HP: 2/112 [poisoned by an orc]
  5336 | D:7      | HP: 1/112 [poisoned by an orc]
  5338 | D:7      | Succumbed to an orc's poison

Skill      XL: |  1  2  3  4  5  6  7  8  9 |
---------------+----------------------------+-----
Shields        | 4 5 6 7 |  7.1
Armour         | 4 5 6 7 8 |  8.0
Axes           | 3 4 5 6 8 9 |  9.5
Fighting       | 4 5 6 |  6.0
Long Blades    | 2 4 |  4.4
Dodging        | |  0.9
Stealth        | |  0.8

Action                   |  1- 3 |  4- 6 |  7- 9 || total
-------------------------+-------+-------+-------++-------
Melee: War axe           |   112 |    83 |   172 ||   367
       Headbutt          |     9 |    14 |    35 ||    58
       Great sword       |       |       |    60 ||    60
  Use: Scroll            |     5 |       |    10 ||    15
       Potion            |       |     1 |     7 ||     8
  Eat: Bread ration      |     1 |       |     1 ||     2
       Meat ration       |       |       |     2 ||     2
       Fruit             |       |       |     1 ||     1
Armor: Chain mail        |    16 |       |       ||    16
       Scale mail        |     1 |       |       ||     1
       Plate armour      |    41 |    40 |   225 ||   306
       Skin              |       |       |     7 ||     7
Dodge: Dodged            |    20 |    16 |    81 ||   117
Block: Shield            |    48 |    47 |   118 ||   213
       Rpst.: Great sword |       |       |    12 ||    12
